[Event "DVM U14 2024"]
[Site "Heidelberg"]
[Date "2024.12.27"]
[Round "1"]
[White "Hasanovic, Arian"]
[Black "Nawrath, Lars"]
[Result "1-0"]
[ECO "C01"]
[WhiteElo "1685"]
[BlackElo "1189"]
[Annotator "NA RC"]
[PlyCount "71"]
[EventDate "2024.12.23"]
[EventType "team-tourn"]
[EventRounds "7"]
[EventCountry "GER"]
[SourceTitle "playchess.com"]
[Source "ChessBase"]
[SourceQuality "1"]
[TimeControl "40/5400+30:1800+30"]

1. e4 e6 2. d4 d5 3. exd5 exd5 4. Bd3 Nf6 5. Nf3 Be7 6. Bf4 Nc6 7. c3 O-O 8. Nbd2 Re8 9. O-O Bd6 10. Bxd6 Qxd6 11. Qc2 Bg4 12. h3 Bxf3 13. Nxf3 Ne4 14. Rfe1 f5 15. Re2 Qf4 16. Qb3 Ne7 17. Rae1 b6 18. Bxe4 fxe4 19. Rxe4 Qd6 20. Rxe7 Rxe7 21. Rxe7 Qxe7 22. Qxd5+ Kf8 23. Qxa8+ Kf7 24. Qd5+ Kg6 25. Ne5+ Kf6 26. Nf3 Kg6 27. Qe5 Qf8 28. Qe6+ Qf6 29. Qxf6+ Kxf6 30. Ne5 c5 31. f4 Kf5 32. d5 g5 33. g3 gxf4 34. gxf4 h5 35. d6 Ke6 36. d7 1-0

[Event "DVM U14 2024"]
[Site "Heidelberg"]
[Date "2024.12.27"]
[Round "1"]
[White "Pazar, Ubeyd"]
[Black "Maier, Kalle"]
[Result "1-0"]
[ECO "A57"]
[WhiteElo "1669"]
[BlackElo "1673"]
[Annotator "NA RC"]
[PlyCount "107"]
[EventDate "2024.12.23"]
[EventType "team-tourn"]
[EventRounds "7"]
[EventCountry "GER"]
[SourceTitle "playchess.com"]
[Source "ChessBase"]
[SourceQuality "1"]
[TimeControl "40/5400+30:1800+30"]

1. d4 Nf6 2. c4 c5 3. d5 b5 4. b3 g6 5. Bb2 Bg7 6. Qc2 bxc4 7. bxc4 d6 8. Nd2 Nbd7 9. Ngf3 O-O 10. e4 Rb8 11. Rb1 Ba6 12. Bd3 Qc7 13. O-O Rb6 14. Bc3 Rxb1 15. Rxb1 Rb8 16. Nb3 Nb6 17. Na5 Bb7 18. Nd2 Qd7 19. h3 Nh5 20. Bxg7 Kxg7 21. Ndb3 e5 22. Nxb7 Rxb7 23. Na5 Rc7 24. Nc6 Nf4 25. Kf1 Nxd3 26. Qxd3 Rb7 27. Qb3 Rc7 28. Qb5 f5 29. exf5 Qxf5 30. Qb3 Nxc4 31. Rd1 Rf7 32. f3 Qf4 33. Nd8 Ne3+ 34. Ke2 c4 35. Ne6+ Kh6 36. Qxe3 Qxe3+ 37. Kxe3 Rb7 38. Rc1 Rb4 39. Nd8 Rb6 40. Rxc4 Ra6 41. Rc6 Rxa2 42. g4 a5 43. Rxd6 a4 44. Ra6 a3 45. Nc6 Ra1 46. Kd2 a2 47. d6 e4 48. fxe4 Rh1 49. d7 a1=Q 50. Rxa1 Rxa1 51. d8=Q Ra2+ 52. Ke3 Ra3+ 53. Kf4 Rxh3 54. Qf8# 1-0

[Event "DVM U14 2024"]
[Site "Heidelberg"]
[Date "2024.12.27"]
[Round "1"]
[White "Bock, Leonas"]
[Black "Laube, Karl"]
[Result "1-0"]
[ECO "D05"]
[WhiteElo "1668"]
[BlackElo "1635"]
[Annotator "NA RC"]
[PlyCount "73"]
[EventDate "2024.12.23"]
[EventType "team-tourn"]
[EventRounds "7"]
[EventCountry "GER"]
[SourceTitle "playchess.com"]
[Source "ChessBase"]
[SourceQuality "1"]
[TimeControl "40/5400+30:1800+30"]

1. d4 e6 2. Nf3 d5 3. e3 c5 4. b3 Nc6 5. Bb2 Nf6 6. a3 Bd6 7. Bd3 O-O 8. O-O a6 9. c4 cxd4 10. exd4 Re8 11. Re1 b6 12. Nbd2 Qc7 13. Rc1 Na5 14. cxd5 Qe7 15. b4 Nb7 16. dxe6 Bxe6 17. Ne4 Nxe4 18. Bxe4 Qd7 19. Bc6 Qe7 20. Bxe8 Qxe8 21. d5 Qd7 22. dxe6 fxe6 23. Ne5 Qe7 24. Qg4 Kh8 25. Nc6 Qf7 26. Rxe6 Rf8 27. Rc2 a5 28. Ne5 Bxe5 29. Bxe5 Nd8 30. Rxb6 axb4 31. Rxb4 Nc6 32. Rf4 Nxe5 33. Rxf7 Nxf7 34. Rc8 Kg8 35. Rxf8+ Kxf8 36. Qd7 g6 37. a4 1-0

[Event "DVM U14 2024"]
[Site "Heidelberg"]
[Date "2024.12.27"]
[Round "1"]
[White "Sitnik, Arthur"]
[Black "Splitt, Albert"]
[Result "0-1"]
[ECO "C30"]
[WhiteElo "1668"]
[BlackElo "1571"]
[Annotator "NA RC"]
[PlyCount "112"]
[EventDate "2024.12.23"]
[EventType "team-tourn"]
[EventRounds "7"]
[EventCountry "GER"]
[SourceTitle "playchess.com"]
[Source "ChessBase"]
[SourceQuality "1"]
[TimeControl "40/5400+30:1800+30"]

1. e4 e5 2. Nc3 Nf6 3. f4 d6 4. Nf3 Nc6 5. Bb5 Bd7 6. O-O Be7 7. fxe5 Nxe5 8. Nxe5 dxe5 9. Bc4 O-O 10. d3 Bc5+ 11. Kh1 Ng4 12. Qd2 Qh4 13. g3 Qh3 14. Qg2 Qh5 15. h4 Kh8 16. Bb5 c6 17. Bc4 f5 18. exf5 Rxf5 19. Rxf5 Qxf5 20. Ne4 Bb6 21. Nd6 Nf2+ 22. Kh2 Qf6 23. Nf7+ Kg8 24. Ng5+ Kh8 25. Nf7+ Kg8 26. Nxe5+ Be6 27. Bxe6+ Qxe6 28. Bf4 Re8 29. c3 Ng4+ 30. Nxg4 Qxg4 31. Kh1 Re2 32. Qf1 Rf2 33. Qxf2 Bxf2 34. Kg2 Qe2 35. Rf1 Be3+ 36. Kh3 Qxf1+ 37. Kg4 Bxf4 38. gxf4 Qxd3 39. f5 Kf7 40. h5 Kf6 41. h6 Qxf5+ 42. Kg3 Qg5+ 43. Kf3 gxh6 44. b4 h5 45. b5 Qg4+ 46. Ke3 Ke5 47. b6 axb6 48. c4 Qf4+ 49. Kd3 Qf3+ 50. Kc2 Kd4 51. c5 Qd3+ 52. Kb2 Kc4 53. a4 Kb4 54. a5 Qd2+ 55. Ka1 Kb3 56. axb6 Qa2# 0-1

[Event "DVM U14 2024"]
[Site "Heidelberg"]
[Date "2024.12.27"]
[Round "1"]
[White "Aweh, Mads"]
[Black "Hempel, Lorenz"]
[Result "1/2-1/2"]
[ECO "B36"]
[WhiteElo "1663"]
[BlackElo "1960"]
[Annotator "RC"]
[PlyCount "115"]
[EventDate "2024.12.23"]
[EventType "team-tourn"]
[EventRounds "7"]
[EventCountry "GER"]
[SourceTitle "playchess.com"]
[Source "ChessBase"]
[SourceQuality "1"]
[TimeControl "40/5400+30:1800+30"]

1. e4 c5 2. Nf3 Nc6 3. d4 cxd4 4. Nxd4 g6 5. c4 Nf6 6. Nc3 d6 7. Be2 Nxd4 8. Qxd4 Bg7 9. Be3 O-O 10. Qd2 Be6 11. O-O Qa5 12. Rfc1 Rfc8 13. b3 Nd7 14. Rab1 f5 15. Bd3 Ne5 16. f3 Nxd3 17. Qxd3 a6 18. a4 fxe4 19. Qxe4 Qf5 20. Qxf5 Bxf5 21. Nd5 Kf7 22. Nb6 Rab8 23. Nxc8 Rxc8 24. Rd1 Bxb1 25. Rxb1 Bc3 26. Rc1 Bb4 27. Rd1 Bc5 28. Kf2 Bxe3+ 29. Kxe3 Rc5 30. Rd4 Re5+ 31. Re4 Kf6 32. Rxe5 Kxe5 33. a5 g5 34. g3 d5 35. f4+ gxf4+ 36. gxf4+ Ke6 37. cxd5+ Kxd5 38. Kd3 h6 39. h3 h5 40. h4 e5 41. f5 e4+ 42. Ke3 Ke5 43. f6 Kxf6 44. Kxe4 Ke6 45. Kf4 Kd5 46. Kg5 Kc5 47. Kxh5 Kb4 48. Kg4 Kxa5 49. h5 Kb4 50. h6 b5 51. h7 Kxb3 52. h8=Q a5 53. Qa1 a4 54. Kf4 b4 55. Ke3 a3 56. Kd3 a2 57. Qc1 a1=Q 58. Qxa1 1/2-1/2

[Event "DVM U14 2024"]
[Site "Heidelberg"]
[Date "2024.12.27"]
[Round "1"]
[White "Meijers, Jaroslav"]
[Black "Retzlaff, Nick"]
[Result "0-1"]
[ECO "D35"]
[WhiteElo "1663"]
[BlackElo "1979"]
[Annotator "RC"]
[PlyCount "96"]
[EventDate "2024.12.23"]
[EventType "team-tourn"]
[EventRounds "7"]
[EventCountry "GER"]
[SourceTitle "playchess.com"]
[Source "ChessBase"]
[SourceQuality "1"]
[TimeControl "40/5400+30:1800+30"]

1. d4 Nf6 2. c4 e6 3. Nc3 d5 4. cxd5 exd5 5. Bg5 Be7 6. e3 h6 7. Bh4 O-O 8. Bd3 c6 9. Nf3 Ne4 10. Bxe7 Qxe7 11. Qc2 Bf5 12. O-O Nd7 13. b4 Ndf6 14. Rab1 Rfe8 15. Ne5 Ng4 16. Nxg4 Bxg4 17. b5 Rac8 18. Qb3 Nd2 19. Qb2 Nxf1 20. Bxf1 Qd6 21. Na4 Bf5 22. Re1 cxb5 23. Bxb5 Rc2 24. Qb3 Rec8 25. Nc5 a6 26. Bd3 Bxd3 27. Qxd3 Rc4 28. Nxb7 Rc1 29. Qf1 Rxe1 30. Qxe1 Qa3 31. Nc5 Qxa2 32. g3 Rb8 33. Kg2 a5 34. Qd1 Rb2 35. Nd3 Rd2 36. Qg4 Qc2 37. Ne1 Qe4+ 38. Qf3 a4 39. Kf1 a3 40. Qxe4 dxe4 41. Ng2 a2 42. Nf4 a1=Q+ 43. Kg2 Qd1 44. d5 Qf3+ 45. Kh3 Rxf2 46. d6 g5 47. Ng2 Qh5+ 48. Nh4 g4# 0-1

[Event "DVM U14 2024"]
[Site "Heidelberg"]
[Date "2024.12.27"]
[Round "1"]
[White "Li, Xiao Teng"]
[Black "Scharff, Oskar"]
[Result "1/2-1/2"]
[ECO "E06"]
[WhiteElo "1661"]
[BlackElo "1583"]
[Annotator "NA RC"]
[PlyCount "77"]
[EventDate "2024.12.23"]
[EventType "team-tourn"]
[EventRounds "7"]
[EventCountry "GER"]
[SourceTitle "playchess.com"]
[Source "ChessBase"]
[SourceQuality "1"]
[TimeControl "40/5400+30:1800+30"]

1. c4 e6 2. d4 d5 3. Nc3 Nf6 4. g3 Be7 5. Bg2 O-O 6. Nf3 c6 7. a4 Nbd7 8. c5 Re8 9. O-O Bf8 10. Bf4 Nh5 11. Qd2 Nxf4 12. Qxf4 f6 13. e4 e5 14. Qe3 exd4 15. Qxd4 Bxc5 16. Qd3 dxe4 17. Nxe4 Bb6 18. Rad1 Qc7 19. Nd6 Re7 20. Rfe1 Nc5 21. Rxe7 Qxe7 22. Qc2 Be6 23. Nc4 Rd8 24. Re1 Qf7 25. Nxb6 axb6 26. a5 Nd7 27. axb6 Nxb6 28. Qc5 Nd5 29. Nd4 Re8 30. Qd6 Bd7 31. Rxe8+ Bxe8 32. Nf5 Qd7 33. Bxd5+ cxd5 34. Qxd7 Bxd7 35. Ne7+ Kf7 36. Nxd5 Ke6 37. Nc3 Ke5 38. Kf1 Kd4 39. Ke2 1/2-1/2

[Event "DVM U14 2024"]
[Site "Heidelberg"]
[Date "2024.12.27"]
[Round "1"]
[White "Zabashtanskyi, Andrii"]
[Black "Han, Erdem"]
[Result "0-1"]
[ECO "D52"]
[WhiteElo "1644"]
[BlackElo "1751"]
[Annotator "NA RC"]
[PlyCount "76"]
[EventDate "2024.12.23"]
[EventType "team-tourn"]
[EventRounds "7"]
[EventCountry "GER"]
[SourceTitle "playchess.com"]
[Source "ChessBase"]
[SourceQuality "1"]
[TimeControl "40/5400+30:1800+30"]

1. d4 d5 2. c4 c6 3. Nc3 Nf6 4. Bg5 e6 5. Nf3 Nbd7 6. e3 Qa5 7. Bd3 dxc4 8. Bxc4 Ne4 9. Qa4 Qxa4 10. Nxa4 b5 11. Bb3 Nxg5 12. Nxg5 bxa4 13. Bxa4 Bb4+ 14. Ke2 Ba6+ 15. Kf3 Bb5 16. Bb3 h6 17. Ne4 f5 18. Ng3 Ke7 19. a4 Ba6 20. Rac1 g5 21. Bc4 Bb7 22. Ke2 Nf6 23. f3 Rhd8 24. Rhd1 Rd7 25. Rd3 Rad8 26. Rcd1 Nd5 27. Nf1 Nb6 28. b3 Nxc4 29. bxc4 Ba6 30. Rc1 f4 31. Nd2 Bxd2 32. Rxd2 e5 33. Kf2 fxe3+ 34. Kxe3 Rxd4 35. Rdc2 Ke6 36. Rc3 Rd2 37. R1c2 Rxc2 38. Rxc2 Rd4 0-1

[Event "DVM U14 2024"]
[Site "Heidelberg"]
[Date "2024.12.27"]
[Round "1"]
[White "Belenki, Janis"]
[Black "Bohatyrova, Mariia"]
[Result "1-0"]
[ECO "B72"]
[WhiteElo "1611"]
[BlackElo "1682"]
[Annotator "NA RC"]
[PlyCount "147"]
[EventDate "2024.12.23"]
[EventType "team-tourn"]
[EventRounds "7"]
[EventCountry "GER"]
[SourceTitle "playchess.com"]
[Source "ChessBase"]
[SourceQuality "1"]
[TimeControl "40/5400+30:1800+30"]

1. e4 c5 2. Nf3 d6 3. d4 cxd4 4. Nxd4 Nf6 5. Nc3 g6 6. Be3 Nc6 7. f3 h5 8. Qd2 Nxd4 9. Bxd4 Bh6 10. Be3 Bxe3 11. Qxe3 Be6 12. Bb5+ Kf8 13. O-O Qa5 14. Rfe1 Rc8 15. Bd3 Qc5 16. Qxc5 Rc7 17. Qc6 Rxc6 18. Na4 Rc7 19. b3 Kg7 20. c4 Rhc8 21. Nc3 Bd7 22. f4 e6 23. e5 dxe5 24. fxe5 Ng4 25. h3 Nh6 26. Ne4 Bc6 27. Nd6 Rd8 28. Rad1 Rcd7 29. c5 Nf5 30. Bxf5 gxf5 31. Rd3 Kh7 32. Rc3 Rg8 33. Re2 Bd5 34. b4 a6 35. a4 f4 36. Kh2 Rc7 37. Ne4 Bxe4 38. Rxe4 Rg5 39. b5 axb5 40. axb5 Kg6 41. Rcc4 f5 42. Rxf4 Kf7 43. c6 Ke7 44. g3 Rg8 45. Rfd4 Rb8 46. Rd2 bxc6 47. bxc6 Rb6 48. Rdc2 Rb5 49. Rc5 Rxc5 50. Rxc5 Kf7 51. Kg2 Kg6 52. Kf2 Kg5 53. Kf3 Kg6 54. h4 Kf7 55. Kf4 Kg6 56. Rc4 Kh6 57. Ke3 Kg6 58. Kd4 Kf7 59. Kc5 Ke7 60. Rd4 Rc8 61. Kb6 Rb8+ 62. Kc7 Re8 63. Rd7+ Kf8 64. Rd8 Ke7 65. Rxe8+ Kxe8 66. Kb8 Ke7 67. c7 Kf7 68. c8=Q f4 69. Qd7+ Kf8 70. gxf4 Kg8 71. f5 exf5 72. e6 f4 73. Qf7+ Kh8 74. e7 1-0

[Event "DVM U14 2024"]
[Site "Heidelberg"]
[Date "2024.12.27"]
[Round "1"]
[White "Schirmer, Enias"]
[Black "Hahn, Julian"]
[Result "0-1"]
[ECO "C50"]
[WhiteElo "1594"]
[BlackElo "1727"]
[Annotator "NA RC"]
[PlyCount "100"]
[EventDate "2024.12.23"]
[EventType "team-tourn"]
[EventRounds "7"]
[EventCountry "GER"]
[SourceTitle "playchess.com"]
[Source "ChessBase"]
[SourceQuality "1"]
[TimeControl "40/5400+30:1800+30"]

1. e4 e5 2. Nf3 Nc6 3. Bc4 Bc5 4. Nc3 d6 5. d3 Bg4 6. h3 Bh5 7. Be3 Bb6 8. Nd5 Na5 9. Bb3 Nxb3 10. axb3 Ne7 11. Nxb6 axb6 12. g4 Bg6 13. Ke2 Nc6 14. Rxa8 Qxa8 15. Qa1 Ke7 16. c3 Qa6 17. Qxa6 bxa6 18. Ra1 a5 19. Ne1 Rd8 20. Nc2 d5 21. f3 f6 22. c4 dxe4 23. fxe4 h5 24. Rh1 Rh8 25. g5 f5 26. exf5 Bxf5 27. h4 Rd8 28. Ne1 Nb4 29. Rf1 g6 30. Bd2 Nxd3 31. Kd1 Nxb2+ 32. Kc1 Nd3+ 33. Nxd3 Rxd3 34. Re1 e4 35. Kc2 e3 36. Bc3 Rd2+ 37. Kc1 Rc2+ 38. Kd1 Rxc3 39. Ke2 Bg4+ 40. Kf1 Rxb3 41. c5 a4 42. cxb6 cxb6 43. Kg2 e2 44. Kf2 a3 45. Kg2 a2 46. Kh2 Rb1 47. Rg1 a1=Q 48. Rg2 Rh1+ 49. Kg3 Qe5+ 50. Kf2 e1=Q# 0-1

[Event "DVM U14 2024"]
[Site "Heidelberg"]
[Date "2024.12.27"]
[Round "1"]
[White "Nguyen, Bach Khoi"]
[Black "Blumenthal Tuset, Sebastian"]
[Result "1-0"]
[ECO "B01"]
[WhiteElo "1590"]
[BlackElo "1732"]
[Annotator "NA RC"]
[PlyCount "21"]
[EventDate "2024.12.23"]
[EventType "team-tourn"]
[EventRounds "7"]
[EventCountry "GER"]
[SourceTitle "playchess.com"]
[Source "ChessBase"]
[SourceQuality "1"]
[TimeControl "40/5400+30:1800+30"]

1. e4 d5 2. exd5 Qxd5 3. Nc3 Qd6 4. d4 Nf6 5. Nf3 c6 6. Ne5 Bf5 7. Bf4 Qb4 8. Nc4 Nd5 9. Bd2 Ne3 10. fxe3 c5 11. a3 1-0

[Event "DVM U14 2024"]
[Site "Heidelberg"]
[Date "2024.12.27"]
[Round "1"]
[White "Tran, Felix K H"]
[Black "Varazi, Maxime"]
[Result "0-1"]
[ECO "C78"]
[WhiteElo "1560"]
[BlackElo "1673"]
[Annotator "NA RC"]
[PlyCount "92"]
[EventDate "2024.12.23"]
[EventType "team-tourn"]
[EventRounds "7"]
[EventCountry "GER"]
[SourceTitle "playchess.com"]
[Source "ChessBase"]
[SourceQuality "1"]
[TimeControl "40/5400+30:1800+30"]

1. e4 e5 2. Nf3 Nc6 3. Bb5 a6 4. Ba4 Nf6 5. O-O b5 6. Bb3 Bc5 7. c3 d6 8. Re1 O-O 9. h3 Qe7 10. d4 Bb6 11. Bg5 h6 12. Bh4 Kh7 13. Qd3 Rg8 14. g4 g5 15. Bg3 Kg7 16. Nbd2 Bb7 17. Nf1 exd4 18. Nxd4 Nxd4 19. cxd4 Bxe4 20. Qe3 Qd7 21. Nd2 Rge8 22. Nxe4 Rxe4 23. Qf3 Rae8 24. Rxe4 Rxe4 25. Bc2 Rxd4 26. Bf5 Qe7 27. h4 Nd5 28. h5 Qf6 29. Rd1 Rxd1+ 30. Qxd1 Ne7 31. Qd3 Nxf5 32. Qxf5 Qxf5 33. gxf5 Kf6 34. Kg2 Kxf5 35. Kf3 g4+ 36. Kg2 Kg5 37. Kf1 Kxh5 38. f4 gxf3 39. Bf4 Kg6 40. Bg3 Kg5 41. Be1 h5 42. Bd2+ Kg4 43. Ke1 h4 44. Kf1 h3 45. a3 h2 46. Ke1 h1=R# 0-1

[Event "DVM U14 2024"]
[Site "Heidelberg"]
[Date "2024.12.27"]
[Round "1"]
[White "Yang, Sophie"]
[Black "Fischermann, Charlotte"]
[Result "1/2-1/2"]
[ECO "D06"]
[WhiteElo "1547"]
[BlackElo "1644"]
[Annotator "NA RC"]
[PlyCount "104"]
[EventDate "2024.12.23"]
[EventType "team-tourn"]
[EventRounds "7"]
[EventCountry "GER"]
[SourceTitle "playchess.com"]
[Source "ChessBase"]
[SourceQuality "1"]
[TimeControl "40/5400+30:1800+30"]

1. d4 d5 2. c4 e6 3. Nc3 Nf6 4. cxd5 Nxd5 5. e4 Nb6 6. Nf3 Nc6 7. Be2 Be7 8. O-O O-O 9. Bf4 f6 10. Bg3 a6 11. a3 Na5 12. b3 Nc6 13. a4 Bb4 14. Na2 Bd6 15. e5 Be7 16. Qd2 Nd5 17. Rab1 a5 18. Rfc1 f5 19. Bb5 Ncb4 20. Nxb4 Bxb4 21. Qc2 c6 22. Bd3 Bd7 23. h3 Be8 24. Bc4 Bf7 25. Bxd5 Qxd5 26. Bf4 h6 27. Bd2 Bxd2 28. Qxd2 Rfd8 29. Qe1 Qd7 30. Rc4 Qc7 31. Rbc1 Qb6 32. Qc3 Rd5 33. b4 axb4 34. Rxb4 Qa6 35. Rcb1 Qa5 36. Qc4 Bh5 37. Rxb7 Qxa4 38. Rb8+ Kh7 39. Qxa4 Rxa4 40. Rc8 Bxf3 41. gxf3 Raxd4 42. Rxc6 Rxe5 43. Rc7 Rd8 44. Rbb7 Rg8 45. Re7 Kg6 46. Kg2 Re1 47. f4 Re4 48. Kg3 h5 49. h4 Kf6 50. f3 Re2 51. Rf7+ Kg6 52. Rfe7 Kf6 1/2-1/2

[Event "DVM U14 2024"]
[Site "Heidelberg"]
[Date "2024.12.27"]
[Round "1"]
[White "Spielvogel, Oliver"]
[Black "Neumeier, Valentina"]
[Result "0-1"]
[ECO "D02"]
[WhiteElo "1543"]
[BlackElo "1877"]
[Annotator "NA RC"]
[PlyCount "168"]
[EventDate "2024.12.23"]
[EventType "team-tourn"]
[EventRounds "7"]
[EventCountry "GER"]
[SourceTitle "playchess.com"]
[Source "ChessBase"]
[SourceQuality "1"]
[TimeControl "40/5400+30:1800+30"]

1. d4 d5 2. Nf3 Nf6 3. Bf4 c5 4. e3 e6 5. c3 Qb6 6. Qc2 Nc6 7. Bd3 Be7 8. O-O c4 9. Be2 Nh5 10. Bg3 Nxg3 11. hxg3 O-O 12. Nbd2 Qc7 13. e4 b5 14. e5 b4 15. b3 bxc3 16. Qxc3 Bb4 17. Qc2 Qb6 18. bxc4 Nxd4 19. Nxd4 Qxd4 20. Nf3 Qc5 21. Bd3 g6 22. cxd5 Qxc2 23. Bxc2 exd5 24. Rfd1 Be6 25. Bb3 Rfd8 26. Nd4 Rac8 27. Rac1 Bc5 28. Nb5 a6 29. Nc3 Ba3 30. Rc2 d4 31. Nb1 Bxb3 32. Rxc8 Rxc8 33. axb3 Bb2 34. Nd2 Kf8 35. Nf3 Rd8 36. Rd3 Ke7 37. Ng5 h6 38. Ne4 Rd5 39. f4 h5 40. Kf2 Bc1 41. Nc3 Be3+ 42. Kf3 Ra5 43. Nd1 Bg1 44. Nf2 Ra2 45. Nh3 Be3 46. Rd1 Rb2 47. Rd3 a5 48. Ke4 Rxg2 49. Kf3 Rh2 50. Ng5 Rf2+ 51. Ke4 h4 52. gxh4 Rxf4+ 53. Kd5 Rxh4 54. Nf3 Rf4 55. Ng5 Rf5 56. Ne4 g5 57. Nd6 Rf1 58. Kc5 g4 59. Ne4 Rf3 60. Kb5 g3 61. Nxg3 Rxg3 62. Kxa5 Rg5 63. Kb4 Rxe5 64. Kc4 f5 65. b4 f4 66. b5 Kd7 67. Rb3 Kc7 68. b6+ Kb7 69. Rb1 f3 70. Kd3 f2 71. Ke2 Re6 72. Rf1 Kxb6 73. Kd3 Rg6 74. Rb1+ Kc5 75. Ra1 Rg1 76. Ra5+ Kb4 77. Rf5 f1=Q+ 78. Rxf1 Rxf1 79. Ke2 Rf2+ 80. Kd1 Bh6 81. Ke1 Ra2 82. Kd1 Kc3 83. Ke1 Kd3 84. Kf1 Ke3 0-1

[Event "DVM U14 2024"]
[Site "Heidelberg"]
[Date "2024.12.27"]
[Round "1"]
[White "Zielke, Constantin"]
[Black "Muller, Anker"]
[Result "0-1"]
[ECO "B16"]
[WhiteElo "1543"]
[BlackElo "1744"]
[Annotator "NA RC"]
[PlyCount "72"]
[EventDate "2024.12.23"]
[EventType "team-tourn"]
[EventRounds "7"]
[EventCountry "GER"]
[SourceTitle "playchess.com"]
[Source "ChessBase"]
[SourceQuality "1"]
[TimeControl "40/5400+30:1800+30"]

1. e4 c6 2. d4 d5 3. Nc3 dxe4 4. Nxe4 Nf6 5. Nxf6+ gxf6 6. Nf3 Bf5 7. Be3 Nd7 8. Bc4 e6 9. c3 Qc7 10. Qb3 O-O-O 11. Be2 Nb6 12. a4 Nd5 13. Bd2 a5 14. O-O e5 15. c4 Nb4 16. d5 c5 17. Bxb4 cxb4 18. Rfd1 Bc5 19. Rac1 Qb6 20. Rf1 h5 21. Nh4 Bg6 22. Nxg6 fxg6 23. Qd3 f5 24. Qg3 Qf6 25. Rfe1 h4 26. Qh3 g5 27. b3 Kb8 28. Qd3 e4 29. Qd2 Rde8 30. Bf1 f4 31. Rc2 e3 32. fxe3 Bxe3+ 33. Rxe3 fxe3 34. Qe2 Rhf8 35. h3 Qd4 36. Kh1 Rf2 0-1

[Event "DVM U14 2024"]
[Site "Heidelberg"]
[Date "2024.12.27"]
[Round "1"]
[White "Draxler, Henning"]
[Black "Ahryzkov, Ivan"]
[Result "1/2-1/2"]
[ECO "C50"]
[WhiteElo "1480"]
[BlackElo "1813"]
[Annotator "NA RC"]
[PlyCount "20"]
[EventDate "2024.12.23"]
[EventType "team-tourn"]
[EventRounds "7"]
[EventCountry "GER"]
[SourceTitle "playchess.com"]
[Source "ChessBase"]
[SourceQuality "1"]
[TimeControl "40/5400+30:1800+30"]

1. e4 e5 2. Nf3 Nc6 3. Bc4 Bc5 4. Nc3 Nf6 5. d3 h6 6. Be3 Bb6 7. Qd2 d6 8. h3 Be6 9. Nd5 Bxd5 10. exd5 Ne7 1/2-1/2

[Event "DVM U14 2024"]
[Site "Heidelberg"]
[Date "2024.12.27"]
[Round "1"]
[White "Petzold, Gustav"]
[Black "Bemmann, Carlo"]
[Result "0-1"]
[ECO "B12"]
[WhiteElo "935"]
[BlackElo "1757"]
[Annotator "NA RC"]
[PlyCount "58"]
[EventDate "2024.12.23"]
[EventType "team-tourn"]
[EventRounds "7"]
[EventCountry "GER"]
[SourceTitle "playchess.com"]
[Source "ChessBase"]
[SourceQuality "1"]
[TimeControl "40/5400+30:1800+30"]

1. e4 c6 2. d4 d5 3. e5 Bf5 4. Nf3 e6 5. Nc3 Nd7 6. Bd3 Bxd3 7. Qxd3 Ne7 8. Bg5 h6 9. Bh4 Qc7 10. O-O Nf5 11. Rfe1 g5 12. Bg3 a6 13. a4 Bb4 14. h3 c5 15. Bh2 cxd4 16. Nxd4 Nc5 17. Qd2 Ne7 18. f3 Nd7 19. f4 Qb6 20. Bg3 Nc5 21. Qe2 Ne4 22. Bf2 Qc7 23. fxg5 Nxc3 24. Qf3 Ne4 25. Rf1 Nxg5 26. Qf4 Ng6 27. Qf6 Be7 28. Qg7 O-O-O 29. Be3 Rdg8 0-1

[Event "DVM U14 2024"]
[Site "Heidelberg"]
[Date "2024.12.27"]
[Round "2"]
[White "Mohylnyi, Stepan"]
[Black "Kommessin, Felix"]
[Result "1-0"]
[ECO "C45"]
[WhiteElo "2180"]
[BlackElo "1757"]
[Annotator "RC"]
[PlyCount "51"]
[EventDate "2024.12.23"]
[EventType "team-tourn"]
[EventRounds "7"]
[EventCountry "GER"]
[SourceTitle "playchess.com"]
[Source "ChessBase"]
[SourceQuality "1"]
[TimeControl "40/5400+30:1800+30"]

1. e4 e5 2. Nf3 Nc6 3. d4 exd4 4. Nxd4 Nf6 5. Nxc6 bxc6 6. e5 Nd5 7. c4 Nb6 8. Bd3 Bb4+ 9. Nc3 Bxc3+ 10. bxc3 O-O 11. O-O f5 12. c5 Nd5 13. Bc4 Bb7 14. Rb1 Qc8 15. Qa4 Kh8 16. Qa5 d6 17. cxd6 Nb6 18. Bd3 cxd6 19. exd6 Qd7 20. Bf4 Nd5 21. Be5 Bc8 22. c4 Nf6 23. Qc7 Qxc7 24. dxc7 Nd7 25. Bd6 Rf6 26. c5 1-0

[Event "DVM U14 2024"]
[Site "Heidelberg"]
[Date "2024.12.27"]
[Round "2"]
[White "Schwitkowski, Luka"]
[Black "Noennig, Jakob"]
[Result "1-0"]
[ECO "C50"]
[WhiteElo "2070"]
[BlackElo "2065"]
[Annotator "RC"]
[PlyCount "103"]
[EventDate "2024.12.23"]
[EventType "team-tourn"]
[EventRounds "7"]
[EventCountry "GER"]
[SourceTitle "playchess.com"]
[Source "ChessBase"]
[SourceQuality "1"]
[TimeControl "40/5400+30:1800+30"]

1. e4 e5 2. Nf3 Nc6 3. Bc4 Bc5 4. d3 Nf6 5. a4 a6 6. O-O O-O 7. Be3 Ba7 8. Nbd2 d6 9. c3 Ne7 10. Bxa7 Rxa7 11. Re1 Ng6 12. b4 c6 13. Qc2 Nf4 14. g3 Nh3+ 15. Kg2 Ng4 16. Re2 Qf6 17. Qa2 Qg6 18. Nh4 Qh5 19. Ndf3 g5 20. Nf5 Bxf5 21. exf5 Nh6 22. Nxe5 dxe5 23. Rxe5 g4 24. Kh1 b6 25. Rae1 Ng5 26. f6 Qg6 27. Qd2 Nf3 28. Qf4 b5 29. Re8 Ra8 30. Rxa8 Rxa8 31. axb5 Nxe1 32. b6 Kh8 33. b7 Re8 34. b8=Q Rxb8 35. Qxb8+ Ng8 36. Qe8 Nf3 37. Bxf7 Qg5 38. Kg2 Ne1+ 39. Qxe1 Qxf6 40. Bc4 Qf3+ 41. Kg1 Nf6 42. Qe3 Qf5 43. Bxa6 Nd5 44. Qd4+ Kg8 45. Bc4 Qf3 46. Qf4 Qd1+ 47. Kg2 Kg7 48. Bxd5 cxd5 49. Qg5+ Kf8 50. Qxd5 h5 51. b5 h4 52. gxh4 1-0

[Event "DVM U14 2024"]
[Site "Heidelberg"]
[Date "2024.12.27"]
[Round "2"]
[White "Mandalka, Justus"]
[Black "Ensslen, Jakob"]
[Result "1-0"]
[ECO "B72"]
[WhiteElo "2059"]
[BlackElo "1714"]
[Annotator "NA"]
[PlyCount "55"]
[EventDate "2024.12.23"]
[EventType "team-tourn"]
[EventRounds "7"]
[EventCountry "GER"]
[SourceTitle "playchess.com"]
[Source "ChessBase"]
[SourceQuality "1"]
[TimeControl "40/5400+30:1800+30"]

1. e4 c5 2. Nf3 d6 3. d4 cxd4 4. Nxd4 Nf6 5. Nc3 $14 g6 6. h3 Bg7 7. Be3 O-O 8. Bc4 Nc6 9. O-O Nxe4 10. Nxe4 d5 11. Nxc6 bxc6 12. Bd3 dxe4 13. Bxe4 Qc7 14. c3 Be6 15. Qf3 Rfc8 16. Bc5 Rab8 17. b3 h5 18. Rfe1 Kh7 19. Qxh5+ Kg8 20. Qf3 Kh7 21. Rad1 Rb5 22. b4 a5 23. a4 Rbb8 24. h4 Bb3 25. Rb1 Bxa4 26. Qxf7 Rf8 27. Qxg6+ Kh8 28. Qh7# 1-0

[Event "DVM U14 2024"]
[Site "Heidelberg"]
[Date "2024.12.27"]
[Round "2"]
[White "Li, Yunqi"]
[Black "Aweh, Mads"]
[Result "0-1"]
[ECO "D12"]
[WhiteElo "1990"]
[BlackElo "1663"]
[Annotator "RC"]
[PlyCount "118"]
[EventDate "2024.12.23"]
[EventType "team-tourn"]
[EventRounds "7"]
[EventCountry "GER"]
[SourceTitle "playchess.com"]
[Source "ChessBase"]
[SourceQuality "1"]
[TimeControl "40/5400+30:1800+30"]

1. d4 d5 2. c4 c6 3. Nf3 Nf6 4. e3 Bf5 5. Nc3 e6 6. Nh4 Be4 7. f3 Bg6 8. Nxg6 hxg6 9. cxd5 exd5 10. Kf2 Bd6 11. g3 Qc7 12. Bg2 Rxh2 13. f4 Rxh1 14. Qxh1 Nbd7 15. Bd2 Nb6 16. b3 O-O-O 17. Rc1 a6 18. a4 Ba3 19. Rc2 Kb8 20. Nb1 Be7 21. Ba5 Ka7 22. Nd2 Qd7 23. Bf3 Qf5 24. Rc1 g5 25. b4 gxf4 26. gxf4 Rc8 27. Bxb6+ Kxb6 28. Rb1 g5 29. Qh2 gxf4 30. Qxf4 Qxf4 31. exf4 Bd6 32. f5 Rg8 33. Be2 Rg5 34. Bd3 Rg3 35. Ke2 Rh3 36. Nf3 Rg3 37. Nd2 Nh5 38. Bc2 Nf4+ 39. Ke1 Rg1+ 40. Nf1 Rg2 41. Nd2 Re2+ 42. Kd1 Rh2 43. Nf1 Rf2 44. Ne3 Re2 45. Rb3 Rh2 46. Nf1 Rh3 47. Ne3 Be7 48. Ng4 Rxb3 49. Bxb3 Bxb4 50. Ne5 Bc3 51. Nf3 f6 52. Kc2 Bb4 53. Nh2 Ne2 54. Kd3 Ng3 55. Ng4 Be7 56. Ne3 Bf8 57. Ng4 Bg7 58. Ne3 Bh6 59. Ng4 Bg5 0-1